 Dungeon Crawl Stone Soup version 0.19-a0-475-gfca3800 (webtiles) character file.

4113 Duffy the Grappler (level 10, -7/64 HPs)
             Began as a Gargoyle Transmuter on June 5, 2016.
             Was a Priest of Cheibriados.
             Mangled by an orc warrior
             ... wielding a +0 long sword
              (13 damage)
             ... on level 9 of the Dungeon.
             The game lasted 00:12:30 (10140 turns).

Duffy the Grappler (Gargoyle Transmuter)           Turns: 10140, Time: 00:12:30

Health: -7/64      AC: 16    Str: 24    XL:     10   Next: 26%
Magic:  13/13      EV: 11    Int: 19    God:    Cheibriados [***...]
Gold:   361        SH:  0    Dex: 13    Spells: 1 memorised, 12 levels left

rFire  . . .     SeeInvis .       - Unarmed
rCold  + + +     Gourm    .     y - +2 scale mail {rF+}
rNeg   + . .     Faith    .     (no shield)
rPois  ∞         Spirit   .     x - +0 helmet
rElec  +         Dismiss  .     (no cloak)
rCorr  +         Reflect  .     (no gloves)
SustAt .         Harm     .     (no boots)
MR     +++..                    (no amulet)
Stlth  ..........               C - ring "Onostr Zata" {rCorr +Fly rC++ MR+++ Dex-3}
                                g - ring of ice (curse)

@: very slightly contaminated, hasted, slow, extremely resistant to hostile
enchantments, extremely unstealthy
A: negative energy resistance 1, electricity resistance, unbreathing,
petrification resistance, rot immunity, AC +7
a: Bend Time, Temporal Distortion, Renounce Religion, Evoke Flight


You were on level 9 of the Dungeon.
You worshipped Cheibriados.
Cheibriados was most pleased with you.
You were hungry.

You visited 1 branch of the dungeon, and saw 9 of its levels.

You collected 361 gold pieces.


Innate Abilities, Weirdness & Mutations

You are resistant to torment.
Your stone body is resilient. (AC +7)
You are immune to poison.
You resist negative energy. (rN+)
You are resistant to electric shocks. (rElec)
You can survive without breathing.
You are immune to petrification.
You are immune to rotting.


   Skills:
 - Level 7.6 Fighting
 + Level 2.0 Dodging
 + Level 12.7 Unarmed Combat
 - Level 2.0 Spellcasting
 - Level 1.5 Transmutations


You had 12 spell levels left.
You knew the following spells:

 Your Spells              Type           Power        Failure   Level  Hunger
a - Beastly Appendage     Tmut           #.....       24%         1    #......

Inventory:

Missiles
 a - 194 arrows
 e - 28 poisoned needles
 l - 9 tomahawks (quivered)
 v - 2 throwing nets
Armour
 x - a +0 helmet (worn)
 y - a +2 scale mail of fire resistance (worn)
Jewellery
 g - a cursed ring of ice (left hand)
 h - a +5 ring of strength
 o - a +3 ring of dexterity
 B - an uncursed ring of magical power
 C - the ring "Onostr Zata" (right hand) {rCorr +Fly rC++ MR+++ Dex-3}

   [ring of resist corrosion]

   It affects your dexterity (-3).
   It greatly protects you from cold.
   It affects your resistance to hostile enchantments.
   It lets you fly.
Wands
 q - a wand of enslavement (9/24)
 E - a wand of lightning (7/15)
Scrolls
 i - 3 scrolls of teleportation
 j - a scroll of blinking {unknown}
 p - a scroll of noise {unknown}
 r - a scroll of fog {unknown}
 s - a scroll of remove curse {unknown}
 z - a scroll of fear
 A - a scroll of magic mapping
Potions
 b - a potion of agility
 k - 2 potions of curing
 n - 2 potions of heal wounds
 w - 3 potions of ambrosia
Books
 c - a book of Changes
Comestibles
 d - 6 bread rations
 f - a royal jelly
 t - 2 beef jerkies
 u - 4 meat rations

Dungeon Overview and Level Annotations

Branches:
Dungeon (9/15)             Temple (0/1) D:6
   Lair: D:8-11         Orc: D:9-12

Altars:
Cheibriados
Elyvilon
Fedhas
Kikubaaqudgha
Makhleb
Nemelex Xobeh
Pakellas
Ru
Vehumet
Yredelemnul
Zin
The Shining One


Message History

The orc warrior closely misses you.
You hit the orc.
The orc is heavily wounded.
The orc warrior hits you with a halberd.
The orc closely misses you.
The scorpion stings you but does no damage.
You pummel the orc!!
You kill the orc!
The orc hits you but does no damage.
The orc warrior hits you with a dire flail!
The orc warrior hits you with a long sword.
You are too injured to fight recklessly!
You are too injured to fight recklessly!
You are too injured to fight recklessly!
You are too injured to fight recklessly!
You are too injured to fight recklessly!
You are too injured to fight recklessly!
You are too injured to fight recklessly!
You are too injured to fight recklessly!
You are too injured to fight recklessly!
You are too injured to fight recklessly!
You are too injured to fight recklessly!
You are too injured to fight recklessly!
You are too injured to fight recklessly!
You are too injured to fight recklessly!
You are too injured to fight recklessly!
You are too injured to fight recklessly!
You are too injured to fight recklessly!
You are too injured to fight recklessly!
You are too injured to fight recklessly!
You are too injured to fight recklessly!
The scorpion stings you but does no damage.
The orc warrior hits you from afar with a halberd!
Things that are here:
a whip; a leather armour; an orc corpse You hear a distant blaring wail to the northeast.
An ogre comes into view. It is wielding a giant club.
The ogre shouts!
You closely miss the scorpion. The scorpion barely misses you.
The orc warrior barely misses you.
You pummel the scorpion!!
You kill the scorpion!
Cheibriados appreciates the change of pace.
Your Dodging skill increases to level 2!
The orc warrior hits you but does no damage.
You see here a scorpion corpse.
You closely miss the orc warrior. You completely miss the orc warrior.
The orc warrior hits you with a long sword!
You die...

###. ....#######
........ ......
#######...######## .
.................. ..
........o......... ...
.......ooo........
....########@##.#######
........O....#.ooooo#
.............#o.oooo#
######.######..o.o.#
########.#############
....................
....................
....######..........
##. #...######


You could see 3 orc warriors, an ogre and an orc.

Action                   |  1- 3 |  4- 6 |  7- 9 | 10-12 || total
-------------------------+-------+-------+-------+-------++-------
Melee: Unarmed           |   133 |   245 |   316 |    95 ||   789
       Punch             |     3 |     7 |    12 |     8 ||    30
  Use: Scroll            |       |     4 |     8 |     1 ||    13
       Potion            |       |       |     5 |     2 ||     7
  Eat: Chunk             |     1 |    12 |    10 |     1 ||    24
Armor: Robe              |    53 |    46 |       |       ||    99
       Scale mail        |       |    29 |   220 |    61 ||   310
       Ring mail         |       |     2 |       |       ||     2
       Skin              |       |       |    21 |       ||    21
Dodge: Dodged            |    87 |    99 |   189 |    64 ||   439

Notes
Turn   | Place    | Note
--------------------------------------------------------------
     0 | D:1      | Duffy the Gargoyle Transmuter began the quest for the Orb.
     0 | D:1      | Reached XP level 1. HP: 12/12 MP: 3/3
   150 | D:1      | Reached XP level 2. HP: 13/16 MP: 5/5
   637 | D:1      | Reached skill level 4 in Unarmed Combat
   779 | D:1      | Reached XP level 3. HP: 20/20 MP: 6/6
   851 | D:2      | Found a glowing golden altar of the Shining One.
  1381 | D:2      | Reached XP level 4. HP: 18/25 MP: 7/7
  1704 | D:2      | Found a sparkling altar of Nemelex Xobeh.
  1712 | D:2      | Found a sacrificial altar of Ru.
  1712 | D:2      | Found an ancient bone altar of Kikubaaqudgha.
  2043 | D:3      | Found a faded altar of an unknown god.
  2059 | D:3      | Reached skill level 5 in Unarmed Combat
  3112 | D:4      | Reached XP level 5. HP: 21/29 MP: 8/8
  3741 | D:3      | Reached skill level 6 in Unarmed Combat
  4354 | D:4      | Reached XP level 6. HP: 31/34 MP: 9/9
  4628 | D:5      | Entered Level 5 of the Dungeon
  4660 | D:5      | Reached skill level 7 in Unarmed Combat
  4891 | D:4      | Noticed Edmund
  4927 | D:4      | Killed Edmund
  4927 | D:4      | Reached skill level 8 in Unarmed Combat
  4927 | D:4      | Reached XP level 7. HP: 23/38 MP: 10/10
  5647 | D:5      | Noticed Sigmund
  5735 | D:4      | Killed Sigmund
  5735 | D:4      | Reached skill level 9 in Unarmed Combat
  5750 | D:4      | Reached XP level 8. HP: 31/43 MP: 11/11
  5939 | D:5      | Found a glowing silver altar of Zin.
  5998 | D:5      | Reached skill level 2 in Fighting
  6301 | D:5      | Found a snail-covered altar of Cheibriados.
  6306 | D:5      | Became a worshipper of Cheibriados the Contemplative
  6412 | D:6      | Reached skill level 3 in Fighting
  6412 | D:6      | Reached skill level 10 in Unarmed Combat
  6431 | D:6      | Noticed tstbtto's ghost (novice MiBe)
  6643 | D:6      | Killed tstbtto's ghost
  6643 | D:6      | Reached skill level 11 in Unarmed Combat
  6643 | D:6      | Reached XP level 9. HP: 39/50 MP: 12/12
  6834 | D:6      | Found an oddly glowing altar of Pakellas.
  6958 | D:6      | Found a staircase to the Ecumenical Temple.
  7114 | D:6      | Reached * piety under Cheibriados
  7125 | D:6      | Got a pitted glass ring
  7145 | D:6      | Reached skill level 4 in Fighting
  7146 | D:6      | Identified the ring "Onostr Zata" {rCorr +Fly rC++ MR+++ Dex-3} (You took it off an orc on level 6 of the Dungeon)
  7355 | D:6      | Found a burning altar of Makhleb.
  7692 | D:7      | Reached skill level 5 in Fighting
  8122 | D:7      | Found a radiant altar of Vehumet.
  8127 | D:7      | Found a blossoming altar of Fedhas.
  8135 | D:7      | Reached skill level 6 in Fighting
  8135 | D:7      | Reached skill level 12 in Unarmed Combat
  8654 | D:7      | Reached ** piety under Cheibriados
  9013 | D:7      | Reached XP level 10. HP: 31/61 MP: 13/13
  9178 | D:8      | Reached skill level 7 in Fighting
  9798 | D:8      | Reached *** piety under Cheibriados
  9900 | D:8      | Found a basalt altar of Yredelemnul.
  9975 | D:8      | Found a white marble altar of Elyvilon.
 10137 | D:9      | Reached skill level 2 in Dodging
 10140 | D:9      | Mangled by an orc warrior

Skill      XL: |  1  2  3  4  5  6  7  8  9 10 |
---------------+-------------------------------+-----
Unarmed Combat | 4 5 6 8 9 11 12 | 12.7
Fighting       | 3 6 7 |  7.6
Dodging        | 2 |  2.0
Spellcasting   | |  2.0
Transmutations | |  1.5

Vault maps used:
D:1:      dpeg_arrival_tiny_h, lexackson_kobold_supper
D:2:      nicolae_tso_swordbearing_angel, nicolae_overflow_hidden_temple,
          kennysheep_boxes
D:3:      ecumenical_altar_2
D:4:      serial_glass, glass_columns_b, glass_columns_a, glass_columns_c,
          item_on_display_a, feat_on_display, minmay_strange_pillars,
          minivault_4, uniq_edmund
D:5:      kennysheep_mini, kennysheep_little_box, first_bread,
          hangedman_decor_push, hangedman_decor_growths,
          kennysheep_small_circle, uniq_sigmund
D:6:      nicolae_overflow_crystal_walls, minmay_temple_entry_large_hall,
          makhleb_blood_cavern_becter
D:7:      minitemple
D:8:      kennysheep_ying_yang
D:9:      lemuel_insect_pit, regret_index_temple_of_mockery,
          ashenzari_conservatory_becter, special_room, basic_altar,
          hangedman_little_slice_of_home, jmf_multi_god_temple2

Vanquished Creatures
  The ghost of tstbtto the Cleaver, a novice MiBe of Trog Sigmund
  A hippogriff Edmund
  An orc warrior
  2 ice beasts
  A necrophage
  A black bear
  A wasp
  2 ogres
  4 centaurs
  A crocodile
  2 giant frogs
  A water moccasin skeleton
  4 scorpions
  6 killer bees
  7 howler monkeys
  5 crimson imps
  A wasp zombie
  2 orc priests
  3 hounds
  A gnoll shaman
  12 orc wizards
  A giant frog skeleton
  An iguana
  7 worker ants
  2 hound skeletons
  2 worker ant zombies
  5 gnolls
  9 adders
  2 shadow imps
  An ooze
  A worm
  2 dart slugs
  6 giant geckos
  28 orcs
  A ball python
  10 bats
  4 giant cockroaches
  6 goblins
  6 hobgoblins
  4 jackals
  4 quokkas
  7 giant newts
  8 kobolds
  2 quokka skeletons
  A quokka zombie
  7 rats
  A plant
189 creatures vanquished.
